 Dungeon Crawl Stone Soup version 0.15.2 (webtiles) character file.

12256 bullock the Conjurer (level 11, -17/66 HPs)
             Began as a Gargoyle Wizard on Nov 19, 2014.
             Was a High Priest of Vehumet.
             Demolished by a komodo dragon (18 damage)
             ... on Level 1 of the Lair of Beasts.
             The game lasted 01:00:10 (16165 turns).

bullock the Conjurer (Gargoyle Wizard)             Turns: 16165, Time: 01:00:10

HP -17/66        AC 17     Str 14      XL: 11   Next: 90%
MP  24/27        EV 10     Int 23      God: Vehumet [*****.]
Gold 747         SH  4     Dex  8      Spells:  6 memorised, 11 levels left

rFire  . . .     SeeInvis .     R - +2 trident (pierce)
rCold  + . .     Clarity  .     m - +0 leather armour
rNeg   + . .     rCorr    .     Y - +0 buckler
rPois  +         rRot     +     t - +2 hat
rElec  +         Spirit   .     a - +0 cloak
SustAb .         Warding  .     G - +2 pair of gloves
rMut   .         Stasis   .     s - +0 pair of boots
Gourm  +                        H - amulet of the gourmand
MR     .....                    r - ring of protection from cold
                                J - +4 ring of strength

@: repel missiles, not resistant to hostile enchantments, unstealthy
A: negative energy resistance 1, electricity resistance, unbreathing,
petrification resistance, rot immunity, AC +7
a: Renounce Religion


You were on level 1 of the Lair of Beasts.
You worshipped Vehumet.
Vehumet was extremely pleased with you.
You were completely stuffed.

You visited 3 branches of the dungeon, and saw 13 of its levels.

You collected 747 gold pieces.

Inventory:

Hand weapons
 R - a +2 trident of piercing (weapon)
Armour
 a - a +0 cloak (worn)
 m - a +0 leather armour (worn)
 s - a +0 pair of boots (worn)
 t - a +2 hat (worn)
 G - a +2 pair of gloves (worn)
 V - the +3 scale mail of Honour {+Blink rN+ Str+3}
   (You found it on level 9 of the Dungeon)

   It affects your strength (+3).
   It protects you from negative energy.
   It lets you blink.
 Y - a +0 buckler (worn)
Magical devices
 k - a wand of digging (4)
 B - a wand of lightning (0)
 K - a wand of paralysis (17)
 P - a wand of fire (8)
 X - a wand of lightning (6)
Comestibles
 d - 4 bread rations
 p - 5 fruits
 u - a beef jerky
 z - 4 meat rations
 M - 9 royal jellies
 Q - 2 slices of pizza
Scrolls
 b - a scroll of silence {unknown}
 e - a scroll of amnesia
 f - a scroll of fog
 i - 2 scrolls of recharging {unknown}
 l - a scroll of immolation
 w - 2 scrolls of blinking {unknown}
 y - 3 scrolls of noise {unknown}
 E - 2 scrolls of enchant armour
 F - 4 scrolls of remove curse
 I - a scroll of magic mapping {unknown}
 L - 2 scrolls of fear {unknown}
 N - a scroll of random uselessness {unknown}
 T - a scroll of enchant weapon {unknown}
 U - 4 scrolls of teleportation {unknown}
Jewellery
 j - an uncursed amulet of resist corrosion
 n - an uncursed ring of flight
 r - a ring of protection from cold (right hand)
 H - an amulet of the gourmand (around neck)
 J - a +4 ring of strength (left hand)
Potions
 g - a potion of heal wounds
 h - 3 potions of cure mutation {unknown}
 o - 3 potions of might
 q - 5 potions of curing
 v - 2 potions of agility
 x - a potion of haste {unknown}
 A - a potion of invisibility {unknown}
 C - 3 potions of brilliance {unknown}
 O - 3 potions of mutation {unknown}
 W - a potion of resistance {unknown}
Books
 c - a book of Minor Magic

   Spells                             Type                      Level
   *Magic Dart                        Conjuration                  1
   *Blink                             Translocation                2
   Call Imp                           Summoning                    2
   *Repel Missiles                    Charms/Air                   2
   Slow                               Hexes                        2
   *Conjure Flame                     Conjuration/Fire             3
   *Mephitic Cloud                    Conjuration/Poison/Air       3
 S - a book of Summonings

   Spells                             Type                      Level
   Abjuration                         Summoning                    3
   Recall                             Summoning/Translocation      3
   Shadow Creatures                   Summoning                    5
   Summon Demon                       Summoning                    5
   Summon Forest                      Summoning/Translocation      5
   Monstrous Menagerie                Summoning                    6


   Skills:
 + Level 6.4 Fighting
 - Level 1.5 Dodging
 - Level 2.1 Stealth
 - Level 4.0 Shields
 + Level 8.3 Spellcasting
 * Level 13.0 Conjurations
   Level 0.8 Summonings
 - Level 7.3 Translocations
 + Level 3.5 Evocations


You had 11 spell levels left.
You knew the following spells:

 Your Spells              Type           Power        Failure   Level  Hunger
a - Magic Dart            Conj           ####         1%          1    None
e - Fulminant Prism       Conj/Hex       #####.....   1%          4    ##.....
f - Conjure Flame         Conj/Fire      #####...     1%          3    None
q - Blink                 Tloc           N/A          1%          2    None
r - Mephitic Cloud        Conj/Pois/Air  ####....     1%          3    None
v - Repel Missiles        Chrm/Air       #.....       12%         2    None


Dungeon Overview and Level Annotations

Branches:
Dungeon (11/15)            Temple (1/1) D:4             Orc (0/4) D:11
   Lair (1/8) D:11

Altars:
Ashenzari
Cheibriados
Dithmenos
Elyvilon
Fedhas
Kikubaaqudgha
Makhleb
Nemelex Xobeh
Okawaru
Qazlal
Sif Muna
Trog
Vehumet
Xom
Yredelemnul
Zin
The Shining One

Shops:
D:6 (   D:8 %


Innate Abilities, Weirdness & Mutations

You are resistant to torment.
You are immune to poison.
Your stone body is very resilient (AC +7).
You resist negative energy.
You are resistant to electric shocks.
You can survive without breathing.
You are immune to petrification.
You are immune to rotting.


Message History

You puncture the komodo dragon!
The komodo dragon is heavily wounded.
The komodo dragon bites you but does no damage.
The komodo dragon closely misses you.
You hit the komodo dragon but do no damage.
The komodo dragon is heavily wounded.
The komodo dragon bites you but does no damage.
You completely miss the komodo dragon.
The komodo dragon is heavily wounded.
The komodo dragon bites you!!
You hit the komodo dragon.
The komodo dragon is heavily wounded.
The komodo dragon bites you!
* * * LOW HITPOINT WARNING * * *
The komodo dragon bites you!
* * * LOW HITPOINT WARNING * * *
Casting: Mephitic Cloud
Confirm with . or Enter, or press ? or * to list all spells.
You blink.
The komodo dragon bites you!!
You die...

#.. #..... #....
#####...#
.#######.##....#
...............#
................#
........@.......#
.........l§.....#
....#P.###.##..##
P## ### #####..#
#.# ##.## #..#
#P.####.#
##......##
#......P###
#......PPP.


You could see a komodo dragon.

Vanquished Creatures
  3 hill giants (D:10)
  An ugly thing (D:11)
  A spiny frog (Lair:1)
  A gargoyle (D:10)
  A komodo dragon (Lair:1)
  2 trolls
  A queen bee (D:8)
  A hydra skeleton (D:9)
  A deep elf mage (D:9)
  4 yaks (D:9)
  3 wyverns
  2 hippogriffs
  4 wargs (D:11)
  A mottled dragon (D:11)
  3 sky beasts
  3 ogres
  2 ice beasts
  3 black bears
  A yellow wasp (D:9)
  4 phantoms
  7 orc warriors
  7 centaurs
  2 big kobolds
  A crocodile (Lair:1)
  2 gnoll sergeants (D:9)
  7 giant frogs
  3 scorpions
  6 electric eels
  A troll zombie (D:9)
  A hippogriff zombie (D:10)
  20 killer bees
  3 wights (D:10)
  3 troll skeletons
  5 crimson imps
  3 goliath beetles
  8 orc priests
  5 hounds
  2 iguanas
  2 jellies (D:6)
  5 orc wizards
  2 giant frog skeletons
  A two-headed ogre skeleton (D:11)
  9 worker ants
  A big kobold skeleton (D:8)
  A scorpion zombie (D:9)
  11 adders
  15 gnolls
  3 giant mites
  An orc skeleton (D:9)
  3 worms
  6 giant geckos
  50 orcs
  12 bats
  2 bat skeletons (D:4)
  4 giant cockroaches
  7 goblins
  10 hobgoblins
  23 kobolds
  5 quokkas
  2 ball pythons
  A giant gecko skeleton (D:5)
  7 giant newts
  4 giant spores
  2 jackals (D:7)
  15 rats
  A sheep (D:6)
  15 ballistomycetes
348 creatures vanquished.

Vanquished Creatures (collateral kills)
  A killer bee (D:8)
1 creature vanquished.

Vanquished Creatures (others)
  The ghost of bullock the Conjurer, an experienced GrWz of Vehumet (D:10)
  A gnoll (D:10)
  2 giant spores (D:10)
  A plant (D:8)
5 creatures vanquished.

Grand Total: 354 creatures vanquished

Notes
Turn   | Place    | Note
--------------------------------------------------------------
     0 | D:1      | bullock, the Gargoyle Wizard, began the quest for the Orb.
     0 | D:1      | Reached XP level 1. HP: 10/10 MP: 4/4
   145 | D:1      | Reached XP level 2. HP: 15/15 MP: 0/6
   336 | D:1      | Learned a level 2 spell: Blink
   339 | D:1      | Learned a level 2 spell: Repel Missiles
  1022 | D:2      | Reached XP level 3. HP: 19/19 MP: 0/8
  1093 | D:2      | Learned a level 3 spell: Conjure Flame
  1756 | D:2      | Reached XP level 4. HP: 24/24 MP: 4/9
  2231 | D:3      | Reached skill level 4 in Conjurations
  2420 | D:3      | Reached XP level 5. HP: 23/28 MP: 3/11
  2427 | D:3      | Learned a level 3 spell: Mephitic Cloud
  2549 | D:3      | Found a glowing silver altar of Zin.
  2614 | D:3      | Reached skill level 1 in Translocations
  3096 | D:4      | Got a smoking ring mail
  3225 | D:4      | Noticed a troll
  3358 | D:4      | Killed a troll
  3358 | D:4      | Reached skill level 5 in Conjurations
  3358 | D:4      | Reached XP level 6. HP: 14/32 MP: 10/15
  3666 | D:4      | Found a staircase to the Ecumenical Temple.
  3678 | Temple   | Entered the Ecumenical Temple
  3952 | Temple   | Became a worshipper of Vehumet
  4224 | D:4      | Found a white marble altar of Elyvilon.
  4224 | D:4      | Found a stormy altar of Qazlal.
  4250 | D:4      | Found a basalt altar of Yredelemnul.
  4331 | D:5      | Entered Level 5 of the Dungeon
  4339 | D:5      | Reached XP level 7. HP: 36/36 MP: 9/17
  4442 | D:5      | Reached skill level 6 in Conjurations
  5035 | D:5      | Reached XP level 8. HP: 36/41 MP: 7/19
  5204 | D:5      | Acquired Vehumet's first power
  5204 | D:5      | Offered knowledge of Freeze by Vehumet.
  5306 | D:5      | Identified the cursed +0 ring mail of Ekecos {+Blink Slay-3} (You found it on level 4 of the Dungeon)
  5328 | D:5      | Reached skill level 7 in Conjurations
  5996 | D:6      | Reached skill level 5 in Spellcasting
  6175 | D:6      | Found Skaisetu's Weapon Shoppe.
  6229 | D:6      | Found a shimmering altar of Xom.
  6277 | D:6      | Reached skill level 5 in Translocations
  6561 | D:6      | Found a shimmering altar of Xom.
  6922 | D:7      | Reached skill level 8 in Conjurations
  7511 | D:7      | Reached XP level 9. HP: 45/45 MP: 15/21
  7658 | D:7      | Offered knowledge of Sting by Vehumet.
  8216 | D:7      | Reached skill level 9 in Conjurations
  8924 | D:8      | Found Iroqut's Food Boutique.
  9745 | D:8      | Offered knowledge of Stone Arrow by Vehumet.
  9745 | D:8      | Reached skill level 10 in Conjurations
 10188 | D:8      | Reached skill level 1 in Fighting
 10188 | D:8      | Reached XP level 10. HP: 45/52 MP: 10/24
 10441 | D:8      | Acquired Vehumet's second power
 11165 | D:8      | Reached skill level 11 in Conjurations
 11256 | D:8      | Offered knowledge of Static Discharge by Vehumet.
 11936 | D:9      | Acquired Vehumet's third power
 12098 | D:9      | Offered knowledge of Bolt of Draining by Vehumet.
 12618 | D:9      | Reached skill level 12 in Conjurations
 12631 | D:9      | Reached XP level 11. HP: 62/62 MP: 22/27
 12689 | D:9      | Reached skill level 1 in Evocations
 12874 | D:9      | Got a smoking scale mail
 12897 | D:10     | Entered Level 10 of the Dungeon
 13000 | D:10     | Noticed bullock's ghost (experienced GrWz)
 13014 | D:10     | Killed bullock's ghost
 13014 | D:10     | Reached skill level 5 in Fighting
 13076 | D:10     | Noticed a hill giant
 13095 | D:10     | Killed a hill giant
 13747 | D:10     | Reached skill level 1 in Shields
 14290 | D:10     | Noticed a hill giant
 14321 | D:10     | Killed a hill giant
 14611 | D:10     | Noticed a hill giant
 14681 | D:10     | Killed a hill giant
 15081 | D:10     | Offered knowledge of Fulminant Prism by Vehumet.
 15261 | D:11     | Found a staircase to the Orcish Mines.
 15475 | D:11     | Identified the +3 scale mail of Honour {+Blink rN+ Str+3} (You found it on level 9 of the Dungeon)
 15776 | D:11     | Found a staircase to the Lair.
 15807 | Lair:1   | Entered Level 1 of the Lair of Beasts
 15847 | Lair:1   | Reached skill level 13 in Conjurations
 16028 | Lair:1   | Learned a level 4 spell: Fulminant Prism
 16164 | Lair:1   | HP: 1/66 [komodo dragon (16)]
 16165 | Lair:1   | Demolished by a komodo dragon

Action                   |  1- 3 |  4- 6 |  7- 9 | 10-12 || total
-------------------------+-------+-------+-------+-------++-------
Melee: Mace              |    23 |    34 |     9 |       ||    66
       Staff             |       |       |    62 |       ||    62
       Trident           |       |       |    54 |   574 ||   628
 Cast: Magic Dart        |    86 |   103 |   427 |   329 ||   945
       Repel Missiles    |     1 |     2 |       |     4 ||     7
       Blink             |     1 |     1 |    10 |    25 ||    37
       Conjure Flame     |       |     4 |    12 |    39 ||    55
       Mephitic Cloud    |       |     1 |    27 |    50 ||    78
Evoke: Wand              |       |     2 |     9 |     3 ||    14
  Use: Scroll            |       |       |    13 |     2 ||    15
       Potion            |       |       |       |     3 ||     3
 Stab: Confused          |       |       |     1 |    13 ||    14
       Sleeping          |       |       |       |     1 ||     1
  Eat: Chunk             |     3 |     5 |    26 |    26 ||    60
       Pizza             |       |     1 |       |       ||     1
       Beef jerky        |       |       |     1 |       ||     1
